 Dungeon Crawl Stone Soup version 0.24.1-8-ga250c9d538 (webtiles) character file.

Game seed: 10561856820005198871, levelgen mode: deterministic

1356 schauveau the Cudgeler (level 8, 0/52 HPs)
             Began as a Gargoyle Fighter on Apr 29, 2020.
             Was a Believer of Okawaru.
             Slain by an orc warrior
             ... wielding a +2 dire flail of protection
              (9 damage)
             ... on level 6 of the Dungeon.
             The game lasted 00:09:34 (4621 turns).

schauveau the Cudgeler (Gargoyle Fighter)           Turns: 4621, Time: 00:09:34

Health: 0/52       AC: 20    Str: 22    XL:     8   Next: 64%
Magic:  8/8        EV:  7    Int:  9    God:    Okawaru [**....]
Gold:   244        SH:  9    Dex:  9    Spells: 7/7 levels left

rFire    . . .     SeeInvis +   a - +0 flail
rCold    . . .     Gourm    .   c - +0 shield
rNeg     + . .     Faith    .   b - +0 scale mail
rPois    ∞         Spirit   .   y - +2 helmet {SInv}
rElec    +         Reflect  .   t - +0 cloak
rCorr    .         Harm     .   s - +0 pair of gloves
MR       .....                  D - +0 pair of boots
Stlth    ..........             (no amulet)
HPRegen  0.17/turn              (no ring)
MPRegen  0.11/turn              (no ring)

@: no status effects
A: negative energy resistance 1, electricity resistance, unbreathing,
petrification resistance, rot immunity, AC +5
a: Heroism, Renounce Religion


You were on level 6 of the Dungeon.
You worshipped Okawaru.
Okawaru was pleased with you.
You were not hungry.

You visited 1 branch of the dungeon, and saw 7 of its levels.

You collected 244 gold pieces.

Inventory:

Hand Weapons
 a - a +0 flail (weapon)
 A - a +0 flail
Missiles
 e - 16 poisoned darts (quivered)
 j - 14 sling bullets
 n - 10 boomerangs
Armour
 b - a +0 scale mail (worn)
 c - a +0 shield (worn)
 s - a +0 pair of gloves (worn)
 t - a +0 cloak (worn)
 y - a +2 helmet of see invisible (worn)
 D - a +0 pair of boots (worn)
Jewellery
 q - an uncursed ring of see invisible {unknown}
 B - an uncursed amulet of rage
Wands
 g - a wand of flame (18)
Scrolls
 p - 4 scrolls of remove curse
 u - a scroll of fog
 v - a scroll of noise {unknown}
 w - a scroll of teleportation
 C - a scroll of fear
 E - a scroll of random uselessness
 F - a scroll of enchant weapon {unknown}
 G - a scroll of identify
Potions
 d - 2 potions of might
 i - 2 potions of flight
 k - 3 potions of heal wounds {unknown}
 l - a potion of cancellation {unknown}
 m - 2 potions of brilliance
 o - 2 potions of haste
 r - a potion of resistance {unknown}
 x - 3 potions of curing
 z - a potion of berserk rage {unknown}
Comestibles
 f - 9 rations


   Skills:
 + Level 6.4 Fighting
 * Level 7.3 Maces & Flails
 + Level 6.4 Armour
 - Level 4.1 Shields


You had 7 spell levels left.
You didn't know any spells.
Your spell library was empty.

Dungeon Overview and Level Annotations

Branches:
Dungeon (7/15)
 Temple: D:4-7

Altars:
Kikubaaqudgha
Nemelex Xobeh
Okawaru
Trog

Annotations:
D:5 Eustachio


Innate Abilities, Weirdness & Mutations

You are resistant to torment.
Your stone body is resilient. (AC +5)
You are immune to poison.
You resist negative energy. (rN+)
You are resistant to electric shocks. (rElec)
You can survive without breathing.
You are immune to petrification.
You are immune to rotting.


Message History

You sock the orc warrior!
The orc warrior is heavily wounded.
The orc warrior hits you with a +2 dire flail of protection!
You block the orc's attack.
You hit the orc warrior.
The orc warrior is severely wounded.
The orc warrior barely misses you. The orc barely misses you.
You hit the orc warrior but do no damage.
The orc warrior is severely wounded.
You block the orc warrior's attack. You block the orc's attack.
You hit the orc warrior but do no damage.
The orc warrior is severely wounded.
The orc warrior hits you with a +2 dire flail of protection!
* * * LOW HITPOINT WARNING * * *
You block the orc's attack.
You closely miss the orc warrior.
The orc warrior is severely wounded.
You block the orc warrior's attack. The orc hits you but does no damage.
The orc warrior hits you with a +2 dire flail of protection!
You die...

o...........# #..#..#
............# ######
#..#... ............#
#....# #..#.#.
............#
#....###..#.#.
.........o..#
+....÷....#.##
..........oo###
#....####.#.##
............oo# +.....#
#.#.##
........o...#o###.....#
#.#...
....#########@#....<#.#
#.#### ... #.#.#####.#
#..... . #.#.......#
######
##.################
#######..................
............#############
#.......###............#.
###.....# ###......###...
##....## ##.....# ##..


You could see an orc warrior, an orc wizard and 2 orcs.

Vanquished Creatures
  Grinder (D:4)
  Sigmund (D:5)
  A hungry ghost (D:6)
  A sky beast (D:6)
  An orc warrior (D:6)
  2 ogres
  Blork the orc (D:4)
  A bullfrog (D:6)
  A hound (D:6)
  An orc priest (D:5)
  An orc wizard (D:4)
  An iguana (D:3)
  A worker ant (D:4)
  4 gnolls
  10 adders
  An ooze (D:4)
  A worm (D:2)
  A dart slug (D:1)
  5 leopard geckos
  17 orcs
  6 giant cockroaches
  12 goblins
  2 hobgoblins
  6 kobolds
  2 quokkas
  A ball python (D:4)
  8 bats
  8 frilled lizards
  8 rats
106 creatures vanquished.

Vanquished Creatures (others)
  A human (D:2)
1 creature vanquished.

Grand Total: 107 creatures vanquished

Notes
Turn   | Place    | Note
-------+----------+-------------------------------------------
     0 | D:1      | schauveau the Gargoyle Fighter began the quest for the Orb.
     0 | D:1      | Reached XP level 1. HP: 14/14 MP: 1/1
    73 | D:1      | Reached XP level 2. HP: 19/19 MP: 2/2
   125 | D:2      | Found an ancient bone altar of Kikubaaqudgha.
   188 | D:1      | Reached XP level 3. HP: 3/23 MP: 3/3
   857 | D:2      | Reached skill level 3 in Maces & Flails
   889 | D:2      | Reached XP level 4. HP: 28/29 MP: 4/4
  1374 | D:2      | Found an ancient bone altar of Kikubaaqudgha.
  1375 | D:2      | Noticed a human
  1378 | D:2      | Killed a human
  1669 | D:2      | Reached XP level 5. HP: 29/33 MP: 5/5
  2013 | D:3      | Found an iron altar of Okawaru.
  2028 | D:3      | Became a worshipper of Warmaster Okawaru
  2941 | D:4      | Reached skill level 4 in Maces & Flails
  2962 | D:4      | Noticed Blork the orc
  2987 | D:4      | Killed Blork the orc
  2987 | D:4      | Reached XP level 6. HP: 15/39 MP: 6/6
  3022 | D:5      | Entered Level 5 of the Dungeon
  3077 | D:4      | Reached * piety under Okawaru
  3099 | D:4      | Found a bloodstained altar of Trog.
  3158 | D:4      | Noticed Grinder
  3170 | D:4      | Paralysed by Grinder for 3 turns
  3186 | D:4      | Killed Grinder
  3186 | D:4      | Reached skill level 5 in Fighting
  3186 | D:4      | Reached skill level 5 in Maces & Flails
  3186 | D:4      | Reached skill level 5 in Armour
  3186 | D:4      | Reached XP level 7. HP: 26/44 MP: 7/7
  3830 | D:5      | Noticed Sigmund
  3937 | D:6      | Reached ** piety under Okawaru
  3944 | D:6      | Reached skill level 6 in Maces & Flails
  4181 | D:5      | Found a sparkling altar of Nemelex Xobeh.
  4243 | D:5      | Killed Sigmund
  4243 | D:5      | Reached XP level 8. HP: 25/51 MP: 8/8
  4263 | D:5      | Noticed Eustachio
  4548 | D:6      | Reached skill level 7 in Maces & Flails
  4621 | D:6      | Slain by an orc warrior

Levels and vault maps discovered:
D:1:      dpeg_arrival_rooms_b, layout_basic
D:2:      layout_loops_ring, lemuel_crystal_altar, grunt_decor_fettered,
          tgw_kikubaaqudgha
D:3:      layout_basic, okawaru_gym_becter, interstate_on_off
D:4:      layout_loops_ring, kennysheep_mini, uniq_blork_the_orc, uniq_grinder
D:5:      layout_basic, first_ration, nemelex_spade_bored_becter,
          uniq_eustachio, uniq_sigmund, uniq_prince_ribbit1,
          uniq_crazy_yiuf_cottage
D:6:      minmay_thick_lines, layout_basic, serial_shops, shop,
          hangedman_decor_push
D:7:      layout_basic, kennysheep_little_box, nicolae_overflow_crystal_walls,
          minmay_temple_entry_offerings, uniq_pikel

Skill      XL: |  1  2  3  4  5  6  7  8 |
---------------+-------------------------+-----
Maces & Flails | 3 4 5 6 7 |  7.3
Armour         | 4 5 6 |  6.4
Fighting       | 4 5 6 |  6.4
Shields        | 4 |  4.1

Action                   |  1- 3 |  4- 6 |  7- 9 || total
-------------------------+-------+-------+-------++-------
Melee: Flail             |   111 |   254 |   184 ||   549
  Use: Scroll            |       |       |    10 ||    10
  Eat: Chunk             |       |     5 |     4 ||     9
       Ration            |       |     1 |     1 ||     2
Armor: Scale mail        |    67 |   139 |    78 ||   284
Dodge: Dodged            |    43 |    87 |    47 ||   177
Block: Shield            |    52 |   133 |    83 ||   268
